 Dungeon Sprint DCSS version 0.21.1-1-g345015f (webtiles) character file.

1239 Fang the Cleaver (level 8, -9/60 HPs)
             Began as a Gargoyle Berserker on June 28, 2018.
             Was a High Priest of Trog.
             Mangled by a shadow wraith (18 damage)
             ... in the Dungeon (Sprint VII: "The Pits").
             The game lasted 00:02:38 (1258 turns).

Fang the Cleaver (Gargoyle Berserker)               Turns: 1258, Time: 00:02:39

Health: -9/60      AC: 11    Str: 22    XL:     8   Next: 49%
Magic:  2/2        EV: 14    Int: 12    God:    Trog [*****.]
Gold:   0          SH:  0    Dex:  9    Spells: 7/7 levels left

rFire    . . .     SeeInvis .   m - +6 battleaxe (antimagic)
rCold    . . .     Gourm    .   (shield currently unavailable)
rNeg     + . .     Faith    .   b - +0 animal skin
rPois    ∞         Spirit   .   (no helmet)
rElec    +         Reflect  .   (no cloak)
rCorr    .         Harm     .   (no gloves)
MR       .....     NoTele   +   (no boots)
Stlth    ++........             (no amulet)
HPRegen  0.20/turn              p - +3 ring of intelligence
MPRegen  0.08/turn              o - +3 ring of protection

@: slowed, very slow
A: negative energy resistance 1, electricity resistance, unbreathing,
petrification resistance, rot immunity, AC +5
a: Berserk, Trog's Hand, Brothers in Arms, Burn Spellbooks, Renounce Religion


You were in the Dungeon.
You worshipped Trog.
Trog was extremely pleased with you.
You were hungry.

You visited 1 branch

Inventory:

Hand Weapons
 j - a +2 hand axe
 m - a +6 antimagic battleaxe (weapon)
 r - a +2 war axe of freezing
Armour
 b - a +0 animal skin (worn)
Jewellery
 o - a +3 ring of protection (right hand)
 p - a +3 ring of intelligence (left hand)
Scrolls
 i - a scroll of blinking
 k - 3 scrolls of remove curse
 l - a scroll of summoning
Potions
 a - 2 potions of invisibility
 d - 10 potions of curing
 e - 10 potions of heal wounds
 f - a potion of haste
 g - 4 potions of magic
 h - 3 potions of berserk rage
 q - a potion of agility
Comestibles
 c - 9 rations


   Skills:
 + Level 11.2 Fighting
 + Level 11.8 Axes
 + Level 5.1 Armour
 + Level 6.1 Dodging
 + Level 2.9 Stealth


You had 7 spell levels left.
You didn't know any spells.

Dungeon Overview and Level Annotations

Branches:
Dungeon (1/1)

Altars:
Cheibriados
Dithmenos
Elyvilon
Fedhas
Gozag
Hepliaklqana
Makhleb
Nemelex Xobeh
Okawaru
Qazlal
Ru
Sif Muna
Trog
Vehumet
Wu Jian
Xom
Yredelemnul
Zin
The Shining One
Beogh
Jiyva
Lugonu


Innate Abilities, Weirdness & Mutations

You are resistant to torment.
Your stone body is resilient. (AC +5)
You are immune to poison.
You resist negative energy. (rN+)
You are resistant to electric shocks. (rElec)
You can survive without breathing.
You are immune to petrification.
You are immune to rotting.


Message History

You start waiting.
You recover from your berserk rage.
You start waiting.
Done waiting.
You are feeling hungry.
A wandering mushroom comes into view.
Deactivating autopickup; reactivate with Ctrl-A.
You hit something. Something hits you!! Something drains your vigour!
You feel yourself slow down.
Unknown command.
Something hits you! Something drains your vigour!
You feel as though you will be slow longer.
Something hits you. Something drains your vigour!
You feel as though you will be slow longer.
Something hits you!
* * * LOW HITPOINT WARNING * * *
Something drains your vigour!
You feel as though you will be slow longer.
Something hits you!!
You die...

..#.#####'#####''######
###.##.......##''#####
..#.##.......##......#
..'.##.......##....###
######...<...##...##
))).##.......##..##
.)).##.......##..#
######.......##..#
.#..###########.@+
.#.############..#
.#)#....#..[[##..#
.#)#)...#..[[##..##
.#)†....'..))##...#
.#'#....#!.).##....#
.'.#....#!.))##.....f#
######################


There were no monsters in sight!

Vanquished Creatures
  A red devil (D)
  A tarantella (D)
  A fire bat (D)
  A porcupine (D)
  Purgy (D)
  A swamp drake (D)
  An ice beast (D)
  2 ogres (D)
  A big kobold (D)
  A hound (D)
  Terence (D)
  A worker ant (D)
  2 gnolls (D)
  A river rat (D)
  An ufetubus (D)
  An adder skeleton (D)
  A bat zombie (D)
  A giant cockroach (D)
  A goblin (D)
  A hobgoblin (D)
  A kobold (D)
  3 frilled lizards (D)
26 creatures vanquished.

Notes
Turn   | Place    | Note
-------+----------+-------------------------------------------
     0 | D        | Fang the Gargoyle Berserker began the quest for the Orb.
     0 | D        | Reached XP level 1. HP: 14/14 MP: 1/1
    26 | D        | Found a bloodstained altar of Trog.
    26 | D        | Found a deep blue altar of Sif Muna.
    26 | D        | Found a viscous altar of Jiyva.
    26 | D        | Found a hazy altar of Hepliaklqana.
    26 | D        | Found an opulent altar of Gozag.
    27 | D        | Found a glowing golden altar of the Shining One.
    27 | D        | Found a glowing silver altar of Zin.
    27 | D        | Found a basalt altar of Yredelemnul.
    27 | D        | Found a shimmering altar of Xom.
    27 | D        | Found an ornate altar of the Wu Jian Council.
    27 | D        | Found a sacrificial altar of Ru.
    27 | D        | Found a stormy altar of Qazlal.
    27 | D        | Found an iron altar of Okawaru.
    27 | D        | Found a sparkling altar of Nemelex Xobeh.
    27 | D        | Found a burning altar of Makhleb.
    27 | D        | Found a blossoming altar of Fedhas.
    27 | D        | Found a white marble altar of Elyvilon.
    27 | D        | Found a shadowy altar of Dithmenos.
    27 | D        | Found a snail-covered altar of Cheibriados.
    29 | D        | Found a radiant altar of Vehumet.
    29 | D        | Found a corrupted altar of Lugonu.
    29 | D        | Found a roughly hewn altar of Beogh.
    70 | D        | Reached ** piety under Trog
   183 | D        | Reached XP level 2. HP: 17/20 MP: 2/2
   231 | D        | Noticed Purgy
   236 | D        | Reached *** piety under Trog
   236 | D        | Reached skill level 5 in Fighting
   236 | D        | Reached XP level 3. HP: 3/26 MP: 3/3
   236 | D        | Killed Purgy
   236 | D        | Reached XP level 4. HP: 4/32 MP: 4/4
   236 | D        | Reached XP level 5. HP: 4/37 MP: 5/5
   662 | D        | Noticed a big kobold
   663 | D        | Noticed Terence
   664 | D        | Noticed a fire bat
   666 | D        | Killed a fire bat
   666 | D        | Reached XP level 6. HP: 44/44 MP: 6/6
   667 | D        | Killed Terence
   667 | D        | Reached **** piety under Trog
   667 | D        | Reached skill level 1 in Stealth
   716 | D        | Reached ***** piety under Trog
   719 | D        | Noticed a red devil
   735 | D        | Killed a red devil
   735 | D        | Reached skill level 10 in Fighting
   735 | D        | Reached skill level 10 in Axes
   735 | D        | Reached skill level 5 in Dodging
   735 | D        | Reached XP level 7. HP: 30/52 MP: 7/7
   922 | D        | Reached skill level 5 in Armour
   926 | D        | Reached XP level 8. HP: 59/59 MP: 8/8
   985 | D        | Noticed a tarantella
   992 | D        | Killed a tarantella
  1104 | D        | Received a gift from Trog
  1252 | D        | Noticed a wandering mushroom
  1258 | D        | Mangled by a shadow wraith

Skill      XL: |  1  2  3  4  5  6  7  8 |
---------------+-------------------------+-----
Axes           | 3 4 6 8 10 11 | 11.8
Fighting       | 4 5 6 8 10 11 | 11.2
Dodging        | 2 3 4 5 6 |  6.1
Armour         | 3 4 5 |  5.1
Stealth        | 1 2 |  2.9

Action                   |  1- 3 |  4- 6 |  7- 9 || total
-------------------------+-------+-------+-------++-------
Melee: Hand axe          |    26 |    24 |    17 ||    67
       War axe           |       |       |     4 ||     4
       Battleaxe         |       |       |     1 ||     1
Invok: Berserk           |     1 |     2 |     3 ||     6
  Eat: Chunk             |       |     1 |     5 ||     6
Armor: Animal skin       |     9 |     4 |     2 ||    15
Dodge: Dodged            |    28 |     9 |    10 ||    47
